 Dungeon Crawl Stone Soup version 0.30.1-9-gdf580d7c3d (webtiles) character file.

Game seed: 3327740142192583034

2868 Ivernyr the Grappler (level 9, -2/78 HPs)
             Began as a Ghoul Gladiator on Oct 4, 2023.
             Slain by a gnoll
             ... wielding a +0 halberd
             ... led by a gnoll bouda
              (10 damage)
             ... on level 6 of the Dungeon.
             The game lasted 00:11:11 (5037 turns).

Ivernyr the Grappler (Ghoul Gladiator)              Turns: 5037, Time: 00:11:12

Health: -2/78      AC:  8    Str: 22    XL:     9   Next: 76%
Magic:  8/8        EV: 11    Int:  3    God:
Gold:   232        SH:  0    Dex: 10    Spells: 8/8 levels left

rFire   . .          .
                       - Unarmed
rCold   + . .        (no shield)
rNeg    + + +        a - +0 scale mail "Qitax" {+Blink}
rPois   ∞            b - +0 helmet
rElec   .            (no cloak)
rCorr   .            (no gloves)
SInv    .            (no boots)
Will    .....        (no amulet) Stlth
                     (no ring)
HPRegen 0.00/turn    (no ring)
MPRegen 0.11/turn

%: no passive effects
@: weakened, inhibited regen
A: claws 1, cold resistance 1, negative energy resistance 3, inhibited
regeneration, torment resistance 2, devour on kill
a: Evoke Blink


You were on level 6 of the Dungeon.
You visited 1 branch of the dungeon, and saw 6 of its levels.

You collected 232 gold pieces.

Inventory:

Missiles
 c - 3 throwing nets (quivered)
 d - a javelin
Armour
 a - the +0 scale mail "Qitax" (worn) {+Blink}
   (You found it on level 5 of the Dungeon)

   +Blink:    It lets you blink.
 b - a +0 helmet (worn)
Scrolls
 g - 5 scrolls of teleportation {unknown}
 h - 2 scrolls of identify {unknown}
 i - a scroll of poison {unknown}
 k - 3 scrolls of vulnerability {unknown}
 m - 2 scrolls of fog {unknown}
 n - a scroll of immolation {unknown}
 q - 3 scrolls of noise {unknown}
 r - 2 scrolls of enchant weapon {unknown}
Potions
 e - 2 potions of might
 f - a potion of haste
 j - 2 potions of curing
 l - 2 potions of heal wounds {unknown}
 o - 2 potions of magic {unknown}
 p - 2 potions of mutation {unknown}


   Skills:
 + Level 6.7 Fighting
 - Level 1.7 Throwing
 + Level 5.1 Armour
 + Level 6.0 Dodging
 * Level 9.8 Unarmed Combat


You had 8 spell levels left.
You didn't know any spells.
Your spell library contained the following spells:

 Spells                   Type           Power      Damage    Failure   Level
 Call Canine Familiar     Summ           0%         N/A       99%         3
 Inner Flame              Hex/Fire       0%         N/A       99%         3
 Portal Projectile        Hex/Tloc       0%         N/A       99%         3
 Tukima's Dance           Hex            0%         N/A       99%         3
 Flame Wave               Conj/Fire      0%         2d4       100%        4
 Leda's Liquefaction      Hex/Erth       0%         N/A       100%        4
 Sticky Flame             Conj/Fire      0%         2d3       100%        4
 Blade Hands              Tmut           Unusable   N/A       N/A         5

Dungeon Overview and Level Annotations

Branches:
Dungeon (6/15)
 Temple: D:4-7

Altars:
Ashenzari
Trog

Shops:
D:3 =


Innate Abilities, Weirdness & Mutations

You are immune to poison.
You have sharp fingernails.
Your flesh is cold resistant. (rC+)
You are immune to negative energy. (rN+++)
You do not regenerate when monsters are visible.
You are immune to unholy pain and torment.
You thrive by killing the living.


Message History

The gnoll bouda hits you with a +0 whip.
The gnoll hits you from afar with a +0 halberd.
You scratch the gnoll bouda but do no damage.
You claw the gnoll bouda.
The gnoll bouda is severely wounded.
The gnoll bouda hits you with a +0 whip.
The gnoll barely misses you.
You barely miss the gnoll bouda.
The gnoll bouda is severely wounded.
The gnoll bouda completely misses you.
You closely miss the gnoll bouda.
The gnoll bouda is severely wounded.
The gnoll hits you from afar with a +0 halberd!
You closely miss the gnoll bouda.
The gnoll bouda is severely wounded.
The gnoll bouda hits you with a +0 whip!
* * * LOW HITPOINT WARNING * * *
The gnoll closely misses you.
You scratch the gnoll bouda.
The gnoll bouda is almost dead.
The gnoll bouda mumbles some strange prayers to its god.
The gnoll bouda is healed somewhat.
The gnoll hits you from afar with a +0 halberd!
* * * LOW HITPOINT WARNING * * *
Unknown command.
You claw the gnoll bouda!
You kill the gnoll bouda!
The gnoll barely misses you.
Unknown command.
You feel better. The gnoll closely misses you.
The gnoll hits you with a +0 halberd!
* * * LOW HITPOINT WARNING * * *
Things that are here:
a +0 whip; a +0 robe; a gnoll corpse You scratch the gnoll.
The gnoll is lightly wounded.
You scratch the gnoll. You claw the gnoll.
The gnoll is heavily wounded.
The gnoll hits you with a +0 halberd!
You die...

... ..# #.# ..# #.#
#.####.# ....
###.####.#....# .....
#........#.#### .....
#......g.#.#######
.....##..)...g.#.......#
............##)#######.#
=...........##.#######.#
............##og@......#
.......?g...############
....#.......#
....#.......# ...
#.o.....# #. #.......#
#.......# ............
....###......


You could see an orc warrior and a gnoll (swift).

Vanquished Creatures
  A two-headed ogre (D:5)
  A yak (D:5)
  A wyvern (D:5)
  2 water moccasins
  3 black bears (D:5)
  A sky beast (D:6)
  2 ice beasts
  2 ogres (D:5)
  A centaur (D:6)
  4 scorpions (D:5)
  A howler monkey (D:4)
  5 hounds
  5 orc priests
  A gnoll bouda (D:6)
  A jelly (D:5)
  7 iguanas
  An orc wizard (D:5)
  Robin (D:4)
  4 adders
  3 gnolls (D:6)
  A white imp (D:5)
  2 worms
  3 dart slugs
  8 orcs
  3 bats
  8 endoplasms
  7 giant cockroaches
  12 goblins
  9 hobgoblins
  8 jackals
  6 kobolds
  4 quokkas
  5 ball pythons
  A frilled lizard (D:3)
  3 rats
127 creatures vanquished.

Notes
Turn   | Place    | Note
-------+----------+-------------------------------------------
     0 | D:1      | Ivernyr the Ghoul Gladiator began the quest for the Orb.
     0 | D:1      | Reached XP level 1. HP: 17/17 MP: 0/0
   134 | D:1      | Reached XP level 2. HP: 24/25 MP: 1/1
   317 | D:1      | Found a faded altar of an unknown god.
   607 | D:2      | Reached XP level 3. HP: 18/30 MP: 2/2
   609 | D:2      | Reached skill level 4 in Unarmed Combat
   851 | D:2      | Reached skill level 1 in Armour
  1308 | D:3      | Reached XP level 4. HP: 37/37 MP: 3/3
  1347 | D:3      | Found Rutyxalu's Jewellery Boutique.
  1438 | D:3      | Found a broken altar of Ashenzari.
  1936 | D:4      | Reached XP level 5. HP: 24/45 MP: 4/4
  2198 | D:4      | Noticed Robin
  2224 | D:4      | Killed Robin
  2229 | D:4      | Reached skill level 5 in Unarmed Combat
  2412 | D:4      | Reached XP level 6. HP: 40/51 MP: 5/5
  2749 | D:5      | Entered Level 5 of the Dungeon
  2829 | D:5      | Noticed a water moccasin
  2845 | D:5      | Killed a water moccasin
  3017 | D:5      | Noticed an ice beast
  3024 | D:5      | Killed an ice beast
  3025 | D:5      | Reached skill level 6 in Unarmed Combat
  3025 | D:5      | Reached XP level 7. HP: 59/59 MP: 6/6
  3352 | D:5      | Noticed a two-headed ogre
  3400 | D:5      | Killed a two-headed ogre
  3401 | D:5      | Reached skill level 5 in Fighting
  3401 | D:5      | Reached skill level 7 in Unarmed Combat
  3401 | D:5      | Reached XP level 8. HP: 38/68 MP: 7/7
  3689 | D:5      | Reached skill level 5 in Dodging
  3689 | D:5      | Reached skill level 8 in Unarmed Combat
  3821 | D:5      | Noticed a yak
  3821 | D:5      | Noticed a wyvern
  3825 | D:5      | Killed a wyvern
  3826 | D:5      | Reached XP level 9. HP: 37/75 MP: 8/8
  3839 | D:5      | Identified the +0 scale mail "Qitax" {+Blink}
  4074 | D:5      | Reached skill level 9 in Unarmed Combat
  4605 | D:5      | Found a bloodstained altar of Trog.
  4936 | D:6      | Reached skill level 5 in Armour
  5037 | D:6      | Slain by a gnoll

Illustrated notes

Levels and vault maps discovered:
D:1:      doesnt_arrival_eight_statues, layout_rooms,
          shapermc_ecumenical_altar_gd, amethyst_killhole
D:2:      layout_basic
D:3:      layout_rooms, evilmike_ruin_ashenzari, serial_shops,
          nicolae_shop_trees
D:4:      layout_basic, hangedman_abyss_or_decor_stabs, uniq_robin
D:5:      kennysheep_windowed_halls, layout_loops_ring, kennysheep_mini,
          elyvilon_altar_5, mainiacjoe_overflow_alcove_2,
          hangedman_abyss_or_decor_stagger, minmay_a_box_with_orc_wizards_in_it
D:6:      layout_basic, kiku_gazebo_garden_becter

Skill      XL: |  1  2  3  4  5  6  7  8  9 |
---------------+----------------------------+-----
Unarmed Combat | 4 5 6 7 8 9 |  9.8
Dodging        | 3 4 5 6 |  6.0
Armour         | 1 2 3 4 5 |  5.1
Fighting       | 3 4 5 6 |  6.7
Throwing       | |  1.7

Action                     |  1- 3 |  4- 6 |  7- 9 || total
---------------------------+-------+-------+-------++-------
  Melee: Unarmed           |   113 |   191 |   189 ||   493
         Punch             |       |     4 |    11 ||    15
    Use: Potion            |       |       |     5 ||     5
   Stab: Sleeping          |       |     1 |       ||     1
         Invisible         |       |       |     1 ||     1
 Armour: Leather armour    |    33 |    46 |    19 ||    98
         Scale mail        |       |       |    34 ||    34
  Dodge: Dodged            |    78 |   110 |   145 ||   333
